 Dungeon Crawl Stone Soup version 0.27-a0-836-gfc908b8576 (webtiles) character file.

Game seed: 14143943859499509366

56 robertstho the Magician (level 3, 0/27 HPs)
             Began as a Djinni Venom Mage on Mar 31, 2021.
             Slain by a jackal (3 damage)
             ... on level 2 of the Dungeon.
             The game lasted 00:02:51 (1450 turns).

robertstho the Magician (Djinni Venom Mage)         Turns: 1450, Time: 00:02:52

Health: 0/27       AC:  3    Str:  7    XL:     3   Next: 97%
Gold:   65         EV: 12    Int: 17    God:
                   SH:  0    Dex: 13

rFire    + + .     SeeInvis .   d - +0 falchion
rCold    x . .     Faith    .   (no shield)
rNeg     . . .     Spirit   .   a - +0 robe
rPois    ∞         Reflect  .   (no helmet)
rElec    .         Harm     .   e - +0 cloak
rCorr    .         Rampage  .   (no gloves)
Will     .....                  (boots unavailable)
Stlth    ++........             (no amulet)
HPRegen  0.09/turn              (no ring)
MPRegen  0.00/turn              (no ring)

@: flying
A: fire resistance 2, cold vulnerability 1, float, innate caster, hp casting,
extra vitality 1
a: no special abilities


You were on level 2 of the Dungeon.
You visited 1 branch of the dungeon, and saw 2 of its levels.

You collected 65 gold pieces.

Inventory:

Hand Weapons
 d - a +0 falchion (weapon)
Armour
 a - a +0 robe (worn)
 e - a +0 cloak (worn)
Magical Staves
 b - a staff of cold


   Skills:
 * Level 1.4 Fighting
 + Level 2.2 Dodging
 + Level 1.6 Stealth
 * Level 3.7 Spellcasting


You couldn't memorise any spells.
You knew the following spells:

 Your Spells              Type           Power      Damage    Failure   Level
a - Sting                 Tmut/Pois      60%        1d6       3%          1
b - Poisonous Vapours     Pois/Air       30%        N/A       5%          2
c - Mephitic Cloud        Conj/Pois/Air  15%        N/A       11%         3
d - Ignite Poison         Fire/Tmut/Pois 15%        N/A       11%         3
e - Olgreb's Toxic Radia  Pois           15%        N/A       34%         4
f - Sandblast             Erth           30%        2d9       3%          1
Your spell library was empty.

Dungeon Overview and Level Annotations

Branches:
Dungeon (2/15)

Altars:
Okawaru
Trog
Zin


Innate Abilities, Weirdness & Mutations

You are immune to poison.
Your flesh is very heat resistant. (rF++)
You are vulnerable to cold. (rC-)
You float through the air rather than walking.
You learn spells naturally, not from books.
Your magical power is your life essence.
You have superior vitality. (+4 HP)


Message History

The goblin is pulled toward you!
The goblin shoots a stone.
The stone barely misses you. The goblin is pulled toward you!
The worm is pulled toward you!
You kill the goblin!
The worm is pulled toward you!
The worm looks more healthy.
The worm is pulled toward you! The worm is pulled toward you!
The worm is pulled toward you!
Found a bloodstained altar of Trog.
The worm is pulled toward you!
Found a glowing silver altar of Zin.
The worm is pulled toward you! The worm is pulled toward you!
The worm is pulled toward you! The jackal is pulled toward you!
The worm is pulled toward you!
Found 15 gold pieces.
The jackal barks!
The gnoll shouts!
You hear a bark!
You hear a shout!
The jackal is pulled toward you! The gnoll is pulled toward you!
You feel less attractive to monsters. The jackal barely misses you.
You aren't carrying any scrolls.
You aren't carrying any potions.
Casting: Sting (safe; 3% risk of failure)
Confirm with . or Enter, or press ? or * to list all spells.
The spell is quite dangerous to cast (11% risk of failure)!
Continue anyway?
Okay, then.
The jackal completely misses you.
You riposte.
You hit the jackal but do no damage.
You see here 9 gold pieces.
Casting: Mephitic Cloud (quite dangerous; 11% risk of failure)
Confirm with . or Enter, or press ? or * to list all spells.
Aiming: Sting (safe; 3% risk of failure)
Press: ? - help, Shift-Dir - straight line, f - jackal
Aim: a jackal (33% to evade)
The sting hits the jackal.
The jackal is poisoned.
The jackal is heavily wounded.
* * * LOW HITPOINT WARNING * * *
The jackal bites you.
You die...

#.......#.# #.#[...#
#..h....#.# #.#.†#.#
#.hgg...#.# #.#....#
#.......#.# #.#....#
##. #..g<...#.#
#.#....#....
##......#.# #.........
#......#.# ####.###..
#.$....#.############.#
#.#
#.....>.ggw..hh@.......
...
######.#.############..
..#. #.#.# #####. #.#.#
#.# ..# .$# ..


You could see a worm, 2 gnolls and 2 jackals.

Vanquished Creatures
  Jessica (D:2)
  3 dart slugs (D:1)
  A giant cockroach (D:1)
  3 goblins
  6 hobgoblins
  2 quokkas (D:1)
  A ball python (D:2)
  3 bats (D:1)
  A frilled lizard (D:1)
  A kobold (D:1)
  2 rats
24 creatures vanquished.

Notes
Turn   | Place    | Note
-------+----------+-------------------------------------------
     0 | D:1      | robertstho the Djinni Venom Mage began the quest for the
                  | Orb.
     0 | D:1      | Reached XP level 1. HP: 15/15 MP: 0/0
   251 | D:1      | Found an iron altar of Okawaru.
   288 | D:1      | Reached skill level 3 in Spellcasting
   430 | D:1      | Reached XP level 2. HP: 18/21 MP: 0/0
  1104 | D:1      | Reached skill level 1 in Fighting
  1104 | D:1      | Reached XP level 3. HP: 25/27 MP: 0/0
  1104 | D:1      | Learned a level 1 spell: Sandblast
  1260 | D:2      | Noticed Jessica
  1272 | D:2      | Killed Jessica
  1417 | D:2      | HP: 1/27 [goblin/+0 dagger (2)]
  1431 | D:2      | Found a bloodstained altar of Trog.
  1432 | D:2      | Found a glowing silver altar of Zin.
  1450 | D:2      | Slain by a jackal

Illustrated notes

Levels and vault maps discovered:
D:1:      minmay_arrival_diagonal_passages, layout_basic,
          chequers_serial_rivers_micro_e, okawaru_ov_weapons_minmay
D:2:      layout_basic, overflow_temple_1_default,
          chequers_temple_overflow_statue_of_worship, uniq_jessica, uniq_robin

Skill      XL: |  1  2 |
---------------+-------+-----
Spellcasting   | 3 |  3.7
Fighting       | 1 |  1.4
Dodging        | |  2.2
Stealth        | |  1.6

Action                   || total
-------------------------++-------
Melee: Falchion          ||     8
 Cast: Sting             ||    40
  Use: Potion            ||     1
Armor: Robe              ||     6
Dodge: Dodged            ||    26
       Rpst.: Falchion   ||     7

Table legend: (Time is in decaauts)
 A = Elapsed time spent in this place.
 B = Non-inter-level travel time spent in this place.
 C = Inter-level travel time spent in this place.
 D = Time resting spent in this place.
 E = Time spent auto-exploring this place.
 F = Levels seen in this place.
 G = Mean time per level.
                   A        B        C        D        E       F      G
               +--------+--------+--------+--------+--------+-----+--------+
         Total |   1459 |   1385 |     74 |    140 |   1040 |   2 |  729.5 |
       Dungeon |   1459 |   1385 |     74 |    140 |   1040 |   2 |  729.5 |
               +--------+--------+--------+--------+--------+-----+--------+

Top non-repeatable levels by time:
     D:1: 1355 daAuts
     D:2: 103 daAuts
